 Dungeon Crawl Stone Soup version 0.23.2-40-g277498a (webtiles) character file.

Game seed: 5719934498021569512

352 Kurtz the Cudgeler (level 6, -2/47 HPs)
             Began as a Mummy Chaos Knight on Sept 28, 2019.
             Was a Plaything of Xom.
             Slain by an orc
             ... wielding a +0 mace
              (5 damage)
             ... on level 4 of the Dungeon.
             The game lasted 00:03:41 (2895 turns).

Kurtz the Cudgeler (Mummy Chaos Knight)             Turns: 2895, Time: 00:03:41

Health: -2/47      AC:  5    Str: 15    XL:     6   Next: 35%
Magic:  6/6        EV: 12    Int: 11    God:    Xom [*.....]
Gold:   104        SH:  0    Dex: 14    Spells: 5/5 levels left

rFire    x . .     SeeInvis .   a - +0 mace (chaos)
rCold    + . .     Gourm    .   (no shield)
rNeg     + + +     Faith    .   b - +2 leather armour
rPois    ∞         Spirit   .   (no helmet)
rElec    .         Reflect  .   (no cloak)
rCorr    .         Harm     .   (no gloves)
MR       .....                  (no boots)
Stlth    +.........             (no amulet)
HPRegen  0.15/turn              c - +1 ring of evasion
MPRegen  0.10/turn              (no ring)

@: no status effects
A: no food or potions, fire vulnerability, cold resistance 1, negative energy
resistance 3, torment resistance, unbreathing
a: Renounce Religion


You were on level 4 of the Dungeon.
You worshipped Xom.
You were a special plaything of Xom.
You were not hungry.

You visited 1 branch of the dungeon, and saw 4 of its levels.

You collected 104 gold pieces.

Inventory:

Hand Weapons
 a - a +0 mace of chaos (weapon)
Armour
 b - a +2 leather armour (worn)
Jewellery
 c - a +1 ring of evasion (left hand)
Scrolls
 d - 2 scrolls of remove curse {unknown}
 e - a scroll of identify {unknown}
 f - a scroll of noise {unknown}
 g - a scroll of enchant armour {unknown}
 h - a scroll of blinking {unknown}


   Skills:
 - Level 3.0 Fighting
 * Level 6.0 Maces & Flails
 - Level 1.5 Armour
 - Level 0.7 Dodging


You had 5 spell levels left.
You didn't know any spells.
Your spell library was empty.

Dungeon Overview and Level Annotations

Branches:
Dungeon (4/15)
 Temple: D:4-7

Altars:
Ashenzari
Wu Jian

Annotations:
D:2 Natasha


Innate Abilities, Weirdness & Mutations

You do not eat or drink.
Your flesh is vulnerable to fire.
You are immune to poison.
Your flesh is cold resistant. (rC+)
You are immune to negative energy. (rN+++)
You are immune to unholy pain and torment.
You can survive without breathing.


Message History

Unknown command.
You barely miss something. Something hits you.
* * * LOW HITPOINT WARNING * * *
Something hits you but does no damage.
Unknown command.
You hit something.
You feel better.
You hear some strange, mumbled words.
A puff of frost appears from out of thin air!
The puff of frost misses you. Something hits you.
* * * LOW HITPOINT WARNING * * *
Unknown command.
You closely miss something. Something hits you but does no damage.
Something hits you.
* * * LOW HITPOINT WARNING * * *
Unknown command.
The orc shouts!
Something hits you but does no damage.
Unknown command.
You closely miss something. The orc hits you with a +0 mace.
You die...

#)# #.# #.########.# .
#.#......#.# .o.
#.#.####.#.#
....######<#.## #.#.#
...........#..# #.#.#
........####..# #.#.#
........####..###.#.#
........o@.#......#.#
........##o#.######.#
........##.#......#.#
........##o#....#.#.#
........##)#.##.#.#.#
........##.#....#.#.#
....... #.#....#.#.#
........##.#........##
........##.#.........#####


You could see 3 orcs.

Vanquished Creatures
  An orc priest (D:3)
  2 hounds
  Jessica (D:2)
  Natasha (D:2)
  2 worker ants
  5 adders
  An ooze (D:1)
  2 worms
  2 dart slugs
  4 leopard geckos
  4 orcs
  2 ball pythons (D:3)
  7 giant cockroaches
  9 hobgoblins
  15 jackals
  7 kobolds
  A quokka (D:3)
  7 bats
  9 frilled lizards
  2 goblins
  6 rats
90 creatures vanquished.

Vanquished Creatures (collateral kills)
  An orc wizard (D:3)
1 creature vanquished.

Grand Total: 91 creatures vanquished

Notes
Turn   | Place    | Note
-------+----------+-------------------------------------------
     0 | D:1      | Kurtz the Mummy Chaos Knight began the quest for the Orb.
     0 | D:1      | Reached XP level 1. HP: 18/18 MP: 1/1
    86 | D:1      | Reached skill level 3 in Maces & Flails
    86 | D:1      | Reached XP level 2. HP: 23/24 MP: 2/2
   147 | D:1      | XOM: divination: detect items
   239 | D:1      | XOM: summons 2 hostile shadow creatures
   259 | D:1      | XOM: chaos upgrade
   307 | D:1      | Reached XP level 3. HP: 22/29 MP: 3/3
   666 | D:1      | XOM: harmless Conj miscast
   883 | D:2      | Found a faded altar of an unknown god.
   952 | D:2      | Reached skill level 4 in Maces & Flails
   967 | D:2      | XOM: harmless Air miscast
  1039 | D:2      | Reached XP level 4. HP: 24/35 MP: 4/4
  1059 | D:2      | Noticed Jessica
  1063 | D:2      | Killed Jessica
  1233 | D:2      | Noticed Natasha
  1235 | D:2      | XOM: enchant monster (bad)
  1240 | D:2      | Killed Natasha
  1240 | D:2      | Reached XP level 5. HP: 20/41 MP: 5/5
  1377 | D:2      | XOM: noise
  1430 | D:2      | Noticed Natasha
  1771 | D:3      | Found a shattered altar of Ashenzari.
  1948 | D:3      | Reached skill level 5 in Maces & Flails
  2110 | D:3      | Found an ornate altar of the Wu Jian Council.
  2217 | D:3      | XOM: stat loss: -1 Str (14/15)
  2279 | D:3      | XOM: harmless Conj miscast
  2499 | D:3      | XOM: summons friendly white imp
  2536 | D:3      | Reached XP level 6. HP: 36/47 MP: 6/6
  2774 | D:4      | XOM: god gift: 30 arrows
  2884 | D:4      | Reached skill level 6 in Maces & Flails
  2892 | D:4      | HP: 2/47 [something (1)]
  2895 | D:4      | Slain by an orc

Skill      XL: |  1  2  3  4  5  6 |
---------------+-------------------+-----
Maces & Flails | 3 4 5 6 |  6.0
Fighting       | |  3.0
Armour         | |  1.5
Dodging        | |  0.7

Action                   |  1- 3 |  4- 6 || total
-------------------------+-------+-------++-------
Melee: Mace              |   123 |   171 ||   294
 Stab: Sleeping          |       |     1 ||     1
Armor: Leather armour    |    54 |    82 ||   136
Dodge: Dodged            |    92 |   175 ||   267
